Map: Blueshift LE

Players

Subwaymaker

  • Race: Protoss Protoss
  • League: Silver
  • Spawn Location: 1:00

Mesrob - Winner!

  • Race: Terran Terran
  • Spawn Location: 7:00

VOD

Have the link to the VOD?

Description

Time

  • Played on: Jan. 8, 2019, 9:46 a.m.
  • Length: 15:28
Show
View Real Time Build Order
Export as new Build Order

Subwaymaker Protoss 

Build Orders:  

Get SALT Encoding   

  12  0:02  Probe  
  13  0:10  Probe  
  13  0:20  Pylon  
  14  0:27  Assimilator  
  14  0:28  Probe  
  15  0:44  Gateway  
  15  0:49  Probe  
  16  0:58  Probe  
  17  1:06  Probe  
  18  1:15  Probe  
  19  1:28  Probe  
  19  1:31  Pylon  
  20  1:34  Cybernetics Core  
  20  1:40  Probe  
  21  1:52  Probe  
  21  1:53  Zealot  
  23  2:04  Assimilator, Probe  
  24  2:16  Probe  
  24  2:20  Sentry  
  27  2:24  Warp Gate  
  27  2:28  Probe  
  28  2:40  Probe  
  29  2:50  Nexus  
  29  2:52  Pylon, Probe  
  30  3:01  Twilight Council  
  30  3:06  Robotics Facility  
  30  3:10  Gateway  
  30  3:15  Stalker  
  32  3:30  Probe  
  33  3:38  Pylon  
  33  3:42  Probe  
  34  3:49  Charge  
  34  3:51  Pylon  
  34  3:53  Observer  
  34  3:54  Probe  
  36  3:55  Assimilator  
  36  4:06  Probe  
  37  4:10  Pylon, Probe  
  37  4:16  Gateway  
  38  4:18  Probe x2  
  40  4:30  Probe  
  40  4:31  Probe  
  41  4:34  Immortal  
  46  4:42  Probe  
  46  4:43  Probe  
  46  4:44  Gateway  
  48  4:52  Zealot  
  48  4:53  Zealot  
  52  5:03  Forge  
  52  5:06  Probe  
  52  5:07  Templar Archives  
  52  5:09  Probe  
  54  5:14  Probe  
  55  5:21  Probe  
  55  5:22  Pylon  
  55  5:23  Pylon, Sentry  
  55  5:24  Sentry  
  55  5:27  Pylon  
  60  5:31  Warp Prism  
  60  5:33  Probe  
  63  5:37  Probe  
  58  5:46  Stalker, Probe  
  57  5:54  Stalker  
  57  5:56  Stalker  
  52  6:11  Probe  
  53  6:19  Probe  
  53  6:21  Immortal  
  58  6:29  Probe  
  59  6:38  Pylon  
  59  6:41  Probe  
  60  6:48  Probe  
  60  6:53  Probe  
  62  6:54  Assimilator  
  62  7:00  Immortal, Probe  
  67  7:04  Zealot x2  
  67  7:05  Zealot  
  65  7:26  Probe  
  66  7:32  Probe  
  67  7:38  Probe  
  68  7:44  Probe  
  68  7:47  Stargate  
  68  7:48  Stargate  
  68  7:50  Stargate, Protoss Air Weapons Level 1, Probe  
  70  7:54  Pylon  
  70  7:57  Probe  
  71  8:02  Probe  
  72  8:09  Probe  
  72  8:10  Observer  
  74  8:14  Probe  
  75  8:21  Probe  
  75  8:26  Probe  
  77  8:34  Nexus  
  77  8:37  Pylon  
  77  8:39  Pylon  
  77  8:40  Void Ray  
  81  8:41  Pylon  
  81  8:44  Assimilator  
  81  8:52  Void Ray  
  85  9:08  Void Ray  
  85  9:14  Void Ray  
  93  9:35  Probe  
  93  9:36  Probe  
  95  9:40  Protoss Air Armor Level 1  
  95  9:46  Fleet Beacon  
  95  9:48  Cybernetics Core, Probe x2  
  95  9:51  Pylon  
  97  9:54  Pylon  
  97  9:57  Probe  
  98  10:00  Probe  
  99  10:07  Void Ray  
  99  10:09  Probe  
  99  10:11  Void Ray  
  100  10:23  Stalker  
  100  10:24  Stalker x2  
  68  10:31  Void Ray  
  64  10:47  Protoss Air Weapons Level 2  
  64  10:58  Pylon  
  64  11:03  Pylon  
  64  11:05  Carrier  
  64  11:06  Tempest  
  75  11:13  Probe  
  76  11:21  Probe  
  77  11:27  Carrier  
  77  11:31  Probe  
  84  11:42  High Templar  
  86  11:56  Assimilator  
  86  12:03  Void Ray  
  90  12:17  Psionic Storm  
  90  12:51  Carrier x2  
  90  12:55  Pylon  
  90  12:57  Pylon, Void Ray  
  105  13:05  High Templar  
  107  13:15  Zealot  
  107  13:16  Zealot  
  111  13:31  Void Ray  
  115  14:07  Pylon  
  115  14:36  Zealot x2  
  119  14:41  Zealot  
Show
View Real Time Build Order
Export as new Build Order

Mesrob Terran - Winner!

Build Orders: Liberator Opening 

Get SALT Encoding   

  12  0:01  SCV  
  13  0:14  SCV  
  14  0:17  Supply Depot  
  14  0:26  SCV  
  15  0:34  Refinery  
  15  0:41  Barracks  
  15  0:45  SCV  
  16  1:00  SCV  
  17  1:18  Refinery, SCV  
  18  1:28  Supply Depot  
  18  1:31  Marine  
  19  1:46  Orbital Command  
  19  1:56  Factory  
  19  1:59  Barracks Reactor  
  19  2:12  SCV  
  20  2:24  SCV  
  21  2:37  Marine  
  21  2:38  Marine  
  21  2:41  Starport  
  21  2:43  Factory Tech Lab  
  23  3:00  Command Center  
  23  3:02  Siege Tank  
  26  3:06  Marine x2  
  26  3:09  SCV  
  29  3:20  Starport Reactor  
  29  3:21  SCV  
  29  3:24  Starport  
  29  3:26  Marine  
  31  3:38  Supply Depot  
  31  3:43  Liberator  
  31  4:00  Marine, SCV  
  36  4:08  Supply Depot  
  36  4:12  SCV  
  36  4:14  Refinery x2  
  37  4:18  Starport Tech Lab  
  37  4:28  SCV  
  37  4:30  Fusion Core  
  38  4:39  Orbital Command  
  38  4:40  SCV  
  39  4:49  Siege Tank  
  42  5:17  SCV  
  42  5:19  Armory  
  42  5:20  SCV  
  44  5:32  SCV  
  45  5:43  Marine x2  
  45  5:45  Siege Tank, SCV  
  52  5:57  SCV  
  52  6:01  Marine x2  
  52  6:03  Battlecruiser  
  60  6:09  SCV  
  60  6:10  Supply Depot  
  60  6:11  SCV  
  59  6:19  Marine  
  59  6:21  SCV  
  61  6:33  SCV  
  61  6:38  Marine x2  
  64  6:43  Supply Depot, Terran Vehicle Weapons Level 1  
  64  6:46  Engineering Bay  
  64  6:56  Marine x2  
  64  6:57  Barracks  
  66  7:06  Supply Depot  
  66  7:07  Battlecruiser  
  72  7:13  Marine  
  72  7:14  Marine  
  73  7:15  Barracks  
  72  7:31  Marine x2  
  72  7:32  SCV  
  72  7:36  SCV  
  76  7:44  SCV  
  77  7:49  SCV  
  78  7:53  Supply Depot  
  78  8:01  Marine x2  
  78  8:04  Barracks Tech Lab  
  80  8:10  Terran Infantry Weapons Level 1  
  80  8:11  Battlecruiser  
  86  8:24  Command Center  
  86  8:31  Command Center  
  86  8:48  SCV  
  87  8:51  Marine  
  87  8:53  Barracks Reactor  
  87  8:55  Combat Shield  
  88  8:58  Marine x2  
  88  9:00  SCV  
  91  9:09  Marine  
  92  9:12  SCV  
  92  9:15  Marine  
  92  9:16  Marine  
  94  9:34  Supply Depot  
  94  9:35  Marine x3, SCV  
  98  9:46  Supply Depot  
  98  9:47  SCV  
  98  9:50  Refinery  
  99  9:53  Marine x3  
  99  9:54  Refinery  
  99  9:59  Supply Depot  
  102  10:02  Marine  
  102  10:03  Marine  
  102  10:04  Terran Infantry Armor Level 1  
  104  10:09  Supply Depot  
  104  10:11  Marine x3  
  107  10:16  Refinery  
  107  10:17  Refinery, Siege Tank  
  107  10:20  Marine x2  
  107  10:28  Marine x3  
  107  10:30  Supply Depot  
  107  10:32  Supply Depot  
  107  10:35  Stimpack  
  110  10:38  Marine x2  
  112  10:46  Marine x2  
  112  10:49  Siege Tank  
  117  10:53  Battlecruiser  
  117  10:54  Supply Depot  
  123  11:41  Siege Tank  
  126  11:49  Supply Depot  
  126  11:53  Planetary Fortress  
  126  11:56  Planetary Fortress  
  126  11:57  Battlecruiser  
  134  12:01  Marine, Marauder  
  134  12:02  Marine x3  
  138  12:13  Siege Tank  
  141  12:18  Supply Depot  
  141  12:22  SCV  
  144  12:23  Marauder  
  144  12:34  SCV  
  145  12:41  Supply Depot  
  145  12:42  Viking  
  149  12:44  Marauder  
  149  12:45  Viking, Siege Tank  
  149  12:46  SCV  
  155  12:58  SCV  
  155  13:01  Battlecruiser  
  162  13:06  Supply Depot  
  162  13:10  SCV  
  162  13:12  Viking  
  164  13:42  SCV  
  164  13:49  Marine  
  164  13:50  Marauder  
  164  13:51  Marine  
  164  13:54  SCV  
  164  13:55  Viking x2  
  173  14:05  Battlecruiser  
  173  14:06  SCV  
  180  14:12  Marauder  
  182  14:18  SCV  
  183  14:25  Viking x2  
  183  14:30  Marine, SCV  
  183  14:31  Marine x3  
  189  14:33  Marauder  
  194  14:48  Marine  
  194  14:49  Marine x3  
  198  14:54  Marauder  
  200  15:06  Marine  
  200  15:07  Marine x3  
Tags
 
League
Silver
Matchup
PvT
Replay Pack
sc2 replays
Spawn Locations
Cross Positions
Add a new tag
Caveats
  • Supply blocks, unpowered buildings, or Contaminate may cause inaccurate times.
  • Supply counts are checked every 10 seconds.